 Dungeon Crawl Stone Soup version 0.29-a0-838-g385bb11a5b (webtiles) character file.

Game seed: 8059200880742041196

103 zeratav the Stinger (level 4, -1/27 HPs)
             Began as an Octopode Venom Mage on July 13, 2022.
             Slain by an orc wizard
             ... wielding a +0 dagger
              (4 damage)
             ... on level 3 of the Dungeon.
             The game lasted 00:03:08 (3384 turns).

zeratav the Stinger (Octopode Venom Mage)           Turns: 3384, Time: 00:03:09

Health: -1/27      AC:  1    Str:  7    XL:     4   Next: 79%
Magic:  4/7        EV: 17    Int: 19    God:
Gold:   187        SH:  0    Dex: 12    Spells: 6/7 levels left

rFire   . . .      SeeInvis .   i - +2 dagger (speed) {short}
rCold   . . .      Faith    .   (no shield)
rNeg    . . .      Spirit   .   (helmet restricted)
rPois   .          Reflect  .   (no amulet)
rElec   .          Harm     .   j - +4 ring of evasion
rCorr   .          Rampage  .   (no ring)
Will    .....                   (no ring)
Stlth   ++++......              (no ring)
HPRegen 0.09/turn               (no ring)
MPRegen 0.10/turn               (no ring)
                                (no ring)
                                (no ring)

@: no status effects
A: almost no armour, amphibious, 8 rings, camouflage 1, gelatinous body 1,
(nimble swimmer 1), tentacles
a: no special abilities


You were on level 3 of the Dungeon.
You visited 1 branch of the dungeon, and saw 3 of its levels.

You collected 187 gold pieces.


Innate Abilities, Weirdness & Mutations

You cannot wear most types of armour.
You are amphibious.
You can wear up to eight rings at the same time.
Your skin changes colour to match your surroundings (Stealth+).
Your rubbery body absorbs attacks. (AC +1, EV +1)
((You are camouflaged when in or above water. (Stealth+)))
You have tentacles for arms and can constrict up to eight enemies at once.


   Skills:
 - Level 2.0 Dodging
 - Level 5.0 Stealth
 - Level 2.0 Spellcasting
 - Level 1.0 Transmutations
 + Level 5.2 Poison Magic
 + Level 0.7 Evocations


You had 6 spell levels left.
You knew the following spells:

 Your Spells              Type           Power      Damage    Failure   Level
a - Sting                 Tmut/Pois      52%        1d5       4%          1

Your spell library contained the following spells:

 Spells                   Type           Power      Damage    Failure   Level
 Poisonous Vapours        Pois/Air       22%        N/A       9%          2
 Magic Dart               Conj           4%         1d3       17%         1
 Olgreb's Toxic Radiance  Pois           21%        N/A       19%         4
 Mephitic Cloud           Conj/Pois/Air  8%         N/A       24%         3
 Call Imp                 Summ           1%         N/A       26%         2

Inventory:

Hand Weapons
 i - a +2 dagger of speed (weapon) {short}
   (You took it off a goblin on level 2 of the Dungeon)
Jewellery
 j - a +4 ring of evasion (left tentacle)
   (You found it on level 2 of the Dungeon)
Wands
 b - a wand of mindburst (16)
   (You found it on level 2 of the Dungeon)
Scrolls
 f - a scroll of fog {unknown}
 g - 3 scrolls of identify {unknown}
 m - a scroll of magic mapping {unknown}
Potions
 a - a potion of magic
 c - a potion of might {unknown}
 d - a potion of curing {unknown}
 e - a potion of lignification {unknown}
 h - a potion of experience {unknown}
 k - a potion of heal wounds {unknown}
 l - a potion of brilliance {unknown}

Dungeon Overview and Level Annotations

Branches:
Dungeon (3/15) Zot: 14635

Altars:

#.#.....###.########
#.#####.#...........
#.# #.#.#.######## #.#
#.#...# #o# #.##### #.#
#.# #.# #.#
####)#####.#
#...){@....#
#######################
#.................
#.################
#.######
#......###########
#......'..........
##.....###########
#######


There were no monsters in sight!


Message History

You see here a giant cockroach corpse.
You now have 187 gold pieces (gained 16).
Found an escape hatch in the ceiling.
There is an escape hatch in the ceiling here.
m - a scroll labelled XEUSEWALYL
Found a stone staircase leading down.
An adder comes into view.
The helpless adder fails to defend itself.
You puncture the adder!
You kill the adder!
There is a stone staircase leading down here.
You open the door.
There is an open door here.
An orc comes into view. It is wielding a +0 mace.
A frilled lizard comes into view.
An orc wizard and 2 orcs come into view.
The orc wizard shouts!
The orc shouts!
The orc completely misses you.
You barely miss the orc. You grab the orc. You squeeze the orc.
You constrict the orc, but do no damage.
The orc hits you with a +0 mace!
HP[-7]
You take 7 damage, and now have 20/27 hp.
MASSIVE DAMAGE!! (PAUSE)
You hit the orc. You squeeze the orc.
You kill the orc!
You hit the frilled lizard.
You kill the frilled lizard!
The orc barely misses you.
Things that are here:
a +0 mace {mace}; a +0 leather armour The orc attacks as you move away!
The orc closely misses you.
You hit the orc but do no damage. Your grab misses the orc. The orc misses you.
HP[+1]
You hit the orc but do no damage. You grab the orc.
You constrict the orc, but do no damage.
You hit the orc but do no damage.
You constrict the orc, but do no damage.
The orc hits you with a +0 morningstar!
* * * LOW HITPOINT WARNING * * *
HP[-8]
You take 8 damage, and now have 13/27 hp.
MASSIVE DAMAGE!! (PAUSE)
You hit the orc.
You constrict the orc, but do no damage.
The orc misses you.
The orc wizard mumbles some strange words.
The orc wizard flickers and vanishes!
Deactivating autopickup; reactivate with Ctrl-A.
Aiming: Mindburst
Press: ? - help, Q - select action, (/) - cycle Shift-Dir - straight line, f - orc
Aim: an orc, wielding a +0 morningstar and wearing a +0 chain mail (lightly wounded, constricted by you, chance to affect: 81%)
The orc's mind is blasted!
You blow up the orc!
Casting: Sting (safe; 4% risk of failure)
Confirm with . or Enter, or press ? or * to list all spells.
Aiming: Sting (safe; 4% risk of failure)
Press: ? - help, Shift-Dir - straight line The sting hits the orc.
The orc is poisoned.
Something hits you.
* * * LOW HITPOINT WARNING * * *
HP[-1] MP[-1]
You take 1 damage, and now have 12/27 hp.
You lost 1 mp, and now have 6/7 mp.
Casting: Sting (safe; 4% risk of failure)
Confirm with . or Enter, or press ? or * to list all spells.
Aiming: Sting (safe; 4% risk of failure)
Press: ? - help, Shift-Dir - straight line The sting misses the orc.
You kill the orc!
Something hits you.
* * * LOW HITPOINT WARNING * * *
HP[-2] MP[-1]
You take 2 damage, and now have 10/27 hp.
You lost 1 mp, and now have 5/7 mp.
Casting: Sting (safe; 4% risk of failure)
Confirm with . or Enter, or press ? or * to list all spells.
Aiming: Sting (safe; 4% risk of failure)
Press: ? - help, Shift-Dir - straight line Something closely misses you.
MP[-1]
You lost 1 mp, and now have 4/7 mp.
You hit something. Your squeeze misses something. You miss something.
Something hits you.
* * * LOW HITPOINT WARNING * * *
HP[-4]
You take 4 damage, and now have 6/27 hp.
You miss something. Your squeeze misses something. Something hits you.
* * * LOW HITPOINT WARNING * * *
HP[-2]
You take 2 damage, and now have 4/27 hp.
You miss something. You barely miss something. Something barely misses you.
You hit something. Something hits you.
* * * LOW HITPOINT WARNING * * *
HP[-2]
You take 2 damage, and now have 2/27 hp.
You closely miss something.
HP[+1]
You closely miss something. Your squeeze misses something. Something hits you.
You die...

Skill      XL: |  1  2  3  4 |
---------------+-------------+-----
Stealth        | 3 4 5 |  5.0
Poison Magic   | 4 5 |  5.2
Dodging        | |  2.0
Spellcasting   | |  2.0
Transmutations | |  1.0
Evocations     | |  0.7

Action                   |  1- 3 |  4- 6 || total
-------------------------+-------+-------++-------
Melee: Dagger            |    72 |    43 ||   115
       Constrict         |    16 |     7 ||    23
       Tentacles         |    14 |     7 ||    21
       Punch             |     1 |       ||     1
 Cast: Sting             |     9 |     3 ||    12
Evoke: Wand              |       |     1 ||     1
 Stab: Sleeping          |     8 |     8 ||    16
       Distracted        |       |     1 ||     1
Armor: Skin              |     7 |       ||     7
Dodge: Dodged            |    50 |    18 ||    68

Levels and vault maps discovered:
D:1:      psy_arrival_heroes, layout_loops_corners, serial_rivers,
          chequers_serial_rivers_small_b, chequers_serial_rivers_small_3,
          chequers_serial_rivers_room_b, chequers_serial_rivers_micro_d,
          dreamdust_ecumenical_altar_hidden_monk_grotto, serial_bayou_pond_c,
          dreamdust_wishing_well
D:2:      layout_loops_corners
D:3:      layout_basic

Notes
Turn   | Place    | Note
-------+----------+-------------------------------------------
     0 | D:1      | zeratav the Octopode Venom Mage began the quest for the
                  | Orb.
     0 | D:1      | Reached XP level 1. HP: 11/11 MP: 3/3
     0 | D:1      | magus.rc [v1.9.6]
   375 | D:1      | Reached skill level 3 in Stealth
   581 | D:1      | Reached skill level 4 in Poison Magic
   581 | D:1      | Reached XP level 2. HP: 17/17 MP: 5/5
   999 | D:1      | Found a faded altar of an unknown god.
  1366 | D:2      | HP: 4/17 [jackal (1)]
  1371 | D:2      | HP: 4/17 [jackal (1)]
  1373 | D:2      | Reached XP level 3. HP: 5/21 MP: 6/6
  1770 | D:2      | HP: 5/21 [worm (6)]
  1773 | D:2      | Reached skill level 4 in Stealth
  2471 | D:2      | Reached XP level 4. HP: 24/27 MP: 7/7
  3022 | D:3      | Reached skill level 5 in Poison Magic
  3080 | D:3      | You pick up a book of Minor Magic and begin reading...
  3080 | D:3      | You add the spells Magic Dart and Call Imp to your library.
  3114 | D:3      | Reached skill level 5 in Stealth
  3378 | D:3      | HP: 6/27 [something (4)]
  3382 | D:3      | HP: 2/27 [something (2)]
  3384 | D:3      | Slain by an orc wizard

Vanquished Creatures
  4 adders
  A worm (D:2)
  2 dart slugs
  3 orcs (D:3)
  2 endoplasms
  A giant cockroach (D:3)
  4 goblins
  6 hobgoblins
  7 jackals
  4 kobolds (D:2)
  2 ball pythons
  10 bats
  4 frilled lizards
  5 rats
55 creatures vanquished.

Table legend:
 A = Non-vault XP
 B = Vault XP
 C = Vault XP percentage of total XP
 D = Non-vault monster count
 E = Vault monster count
 F = Vault count percentage of total count
                 A         B        C        D         E       F
            +---------+---------+-------+---------+---------+-------
      Total |     148 |       0 |   0.0 |      55 |       0 |   0.0
            +---------+---------+-------+---------+---------+-------
        D:1 |      24 |       0 |   0.0 |      16 |       0 |   0.0
        D:2 |      66 |       0 |   0.0 |      22 |       0 |   0.0
        D:3 |      58 |       0 |   0.0 |      17 |       0 |   0.0
            +---------+---------+-------+---------+---------+-------

Illustrated notes

Table legend:
 A = Kills in this place as a percentage of kills in entire the game.
 B = Kills by you in this place as a percentage of kills by you in the entire game.
 C = Kills by friends in this place as a percentage of kills by friends in the entire game.
 D = Other kills in this place as a percentage of other kills in the entire game.
 E = Experience gained in this place as a percentage of experience gained in the entire game.
 F = Experience gained in this place divided by the number of levels of this place that you have seen.
                   A       B       C       D       E      F
               +-------+-------+-------+-------+-------+----------------------
         Total | 100.0 | 100.0 |   N/A |   N/A | 100.0 |  49.3
       Dungeon | 100.0 | 100.0 |   N/A |   N/A | 100.0 |  49.3
               +-------+-------+-------+-------+-------+----------------------

Table legend: (Time is in decaauts)
 A = Elapsed time spent in this place.
 B = Non-inter-level travel time spent in this place.
 C = Inter-level travel time spent in this place.
 D = Time resting spent in this place.
 E = Time spent auto-exploring this place.
 F = Levels seen in this place.
 G = Mean time per level.
                   A        B        C        D        E       F      G
               +--------+--------+--------+--------+--------+-----+--------+
         Total |   3363 |   3302 |     61 |    222 |   2743 |   3 | 1121.0 |
       Dungeon |   3363 |   3302 |     61 |    222 |   2743 |   3 | 1121.0 |
               +--------+--------+--------+--------+--------+-----+--------+

Top non-repeatable levels by time:
     D:2: 1458 daAuts
     D:1: 1320 daAuts
     D:3: 584 daAuts
